 Dungeon Crawl Stone Soup version 0.26.0-15-gc6cd9f700b (webtiles) character file.

Game seed: 14758610470370528170

854 EnegeticOcto the Stinger (level 8, -6/85 HPs)
             Began as a Gnoll Venom Mage on Jan 16, 2021.
             Shot with an arrow by a centaur (15 damage)
             ... on level 7 of the Dungeon.
             The game lasted 00:08:30 (1130 turns).

EnegeticOcto the Stinger (Gnoll Venom Mage)         Turns: 1130, Time: 00:08:31

Health: -6/85      AC:  2    Str: 11    XL:     8   Next: 1%
Magic:  2/16       EV: 14    Int: 23    God:
Gold:   103        SH:  0    Dex: 12    Spells: 5/18 levels left

rFire    x . .     SeeInvis .   l - +5 long sword of False Hope {drain, +Rage Int+3 Dex-3 Stlth+}
rCold    + . .     Faith    .   (no shield)
rNeg     . . .     Spirit   .   a - +0 robe
rPois    .         Reflect  .   (no helmet)
rElec    .         Harm     .   (no cloak)
rCorr    .         Rampage  .   (no gloves)
Will     .....                  (no boots)
Stlth    ..........             (no amulet)
HPRegen  0.24/turn              j - ring of ice
MPRegen  0.15/turn              (no ring)

@: berserking, very quick
A: distributed training, fangs 1, strong nose
a: Evoke Berserk Rage


You were on level 7 of the Dungeon.
You visited 1 branch of the dungeon, and saw 7 of its levels.

You collected 103 gold pieces.

Inventory:

Hand Weapons
 i - a +1 war axe
   (You found it on level 3 of the Dungeon)
 l - the +5 long sword of False Hope (weapon) {drain, +Rage Int+3 Dex-3 Stlth+}
   (You found it on level 5 of the Dungeon)

   A truly terrible weapon, it drains the life of those it strikes.
   It affects your intelligence (+3).
   It affects your dexterity (-3).
   It lets you go berserk.
   It makes you more stealthy.
Armour
 a - a +0 robe (worn)
Jewellery
 j - a ring of ice (left hand)
   (You found it on level 3 of the Dungeon)
Wands
 m - a wand of digging (1) {@v3}
   (You found it on level 5 of the Dungeon)
Scrolls
 c - 3 scrolls of teleportation {@r3 !r}
 f - a scroll of amnesia
 h - 2 scrolls of fog {!r}
Potions
 b - a potion of might {@q3 !q}
 d - a potion of berserk rage
 g - 2 potions of ambrosia


   Skills:
 + Level 2.8 Fighting
 + Level 2.8 Short Blades
 + Level 2.8 Long Blades
 + Level 2.8 Axes
 + Level 2.8 Maces & Flails
 + Level 2.8 Polearms
 + Level 2.8 Staves
 + Level 2.8 Slings
 + Level 2.8 Bows
 + Level 2.8 Crossbows
 + Level 2.8 Throwing
 + Level 2.8 Armour
 + Level 5.4 Dodging
 + Level 5.1 Stealth
 + Level 2.8 Shields
 + Level 2.8 Unarmed Combat
 + Level 5.8 Spellcasting
 + Level 2.3 Conjurations
 + Level 2.3 Hexes
 + Level 2.3 Summonings
 + Level 2.3 Necromancy
 + Level 2.3 Translocations
 + Level 3.2 Transmutations
 + Level 2.3 Fire Magic
 + Level 2.3 Ice Magic
 + Level 2.3 Air Magic
 + Level 2.3 Earth Magic
 + Level 6.0 Poison Magic
 + Level 3.1 Invocations
 + Level 2.8 Evocations


You had 5 spell levels left.
You knew the following spells:

 Your Spells              Type           Power        Failure   Level
a - Sting                 Tmut/Pois      100%         1%          1
b - Poisonous Vapours     Pois/Air       50%          2%          2
c - Mephitic Cloud        Conj/Pois/Air  23%          6%          3
d - Olgreb's Toxic Radia  Pois           34%          8%          4
e - Ignite Poison         Fire/Tmut/Pois 24%          5%          3

Your spell library contained the following spells:

 Spells                   Type           Power        Failure   Level


Dungeon Overview and Level Annotations

Branches:
Dungeon (7/15)
 Temple: D:4-7

Altars:
Elyvilon
Gozag
Makhleb
Nemelex Xobeh
Uskayaw
Zin


Innate Abilities, Weirdness & Mutations

Your experience applies equally to all skills.
You have very sharp teeth.
Your uncanny sense of smell can sniff out nearby items.


Message History

It is a scroll of enchant weapon.
Your +0 war axe glows red for a moment.
As you read the scroll labelled GOPNAU SUINLIH, it crumbles to dust.
You hear a loud clanging noise!
It was a scroll of noise.
Something shouts, "Relinquish hope, thou frothy nut-hook brigand!"
You hear an angry hiss.
You hear an angry buzzing noise. x2; You hear a shout!
You hear an angry buzzing noise.
You hear a shout! x2; You hear an angry hiss.
You hear a shout! x5
Casting: Poisonous Vapours (safe; 2% risk of failure)
Confirm with . or Enter, or press ? or * to list all spells.
Aiming: Poisonous Vapours (safe; 2% risk of failure)
Press: ? - help, Dir - move target, f/p - worker ant
Aim: a worker ant (severely wounded, very poisoned) Poisonous vapours surround the worker ant!
The worker ant is engulfed in poison gas.
The worker ant looks even sicker.
You kill the worker ant!
Your Conjurations skill increases to level 2!
Your Hexes skill increases to level 2!
Your Summonings skill increases to level 2!
Your Necromancy skill increases to level 2!
Your Translocations skill increases to level 2!
Your Fire Magic skill increases to level 2!
Your Ice Magic skill increases to level 2!
Your Air Magic skill increases to level 2!
Your Earth Magic skill increases to level 2!
An iguana comes into view.
A bullfrog comes into view.
An ufetubus comes into view.
A killer bee comes into view.
A killer bee comes into view.
A killer bee comes into view.
Casting: Poisonous Vapours (safe; 2% risk of failure)
Confirm with . or Enter, or press ? or * to list all spells.
You begin to radiate toxic energy.
The ufetubus is poisoned.
The killer bee buzzes angrily.
The killer bee is poisoned.
The killer bee buzzes angrily.
The killer bee is poisoned. x2; The iguana is poisoned.
The killer bee looks even sicker.
You hear an angry buzzing noise.
A centaur comes into view.
The centaur is poisoned.
The killer bee looks even sicker. x2
Your toxic aura wanes.
The killer bee barely misses you.
A killer bee comes into view.
The ufetubus misses you. x2; The killer bee closely misses you.
Casting: Olgreb's Toxic Radiance (dangerous; 9% risk of failure)
Confirm with . or Enter, or press ? or * to list all spells.
You begin to radiate toxic energy.
The killer bee looks even sicker. x2
The killer bee is poisoned.
You kill the ufetubus!
The killer bee looks as sick as possible!
The killer bee looks even sicker.
You kill the killer bee! x3
A killer bee comes into view.
The centaur wields a +0 shortbow.
The centaur shoots an arrow.
The arrow misses you.
The killer bee buzzes angrily.
Your Stealth skill increases to level 5!
Your Transmutations skill increases to level 3!
The centaur looks even sicker.
The killer bee is poisoned.
The killer bee looks even sicker.
The iguana looks even sicker.
Your toxic aura wanes.
The iguana hisses menacingly.
The iguana bites you!
You kill the iguana!
Your Invocations skill increases to level 3!
A red film seems to cover your vision as you go berserk!
You feel yourself moving faster!
You feel mighty! The killer bee stings you!
You barely miss the killer bee. You bite the killer bee.
You kill the killer bee!
The killer bee closely misses you.
You riposte.
You barely miss the killer bee.
The killer bee is heavily wounded.
The centaur unwields a +0 shortbow.
The centaur hits you.
You slash the centaur!
The centaur is almost dead.
The killer bee barely misses you.
You riposte.
You miss the killer bee.
The killer bee is severely wounded.
The centaur misses you.
A centaur comes into view.
You slash the centaur!
You kill the centaur!
The killer bee looks more healthy.
The killer bee stings you!
* * * LOW HITPOINT WARNING * * *
The killer bee barely misses you.
Your Poison Magic skill increases to level 6!
You have reached level 8!
You feel stronger.
You completely miss the killer bee.
The killer bee is severely wounded.
The killer bee stings you!
* * * LOW HITPOINT WARNING * * *
The killer bee stings you!
* * * LOW HITPOINT WARNING * * *
You hit the killer bee.
You kill the killer bee!
The centaur wields a +0 shortbow.
The centaur shoots an arrow.
The arrow hits you!
You die...

#. ##......†....... F.
##......<#.###.
#.###........# #
##...............
#............##...
##........##..###.
#........#.....# .
...........).....##...
..........@††.†.......
#........#....c......#
##......###.......####
...#.... ####.....#
..##.## #........ ...
......... ## ..###..##
..# .... ..## ..#


You could see a centaur.

Vanquished Creatures
  An ice beast (D:5)
  2 centaurs
  An ogre (D:5)
  3 scorpions
  5 killer bees (D:7)
  A hound (D:6)
  A jelly (D:6)
  An iguana (D:7)
  A worker ant (D:7)
  2 adders
  A white imp (D:6)
  An ufetubus (D:7)
  A worm (D:5)
  A dart slug (D:3)
  A leopard gecko (D:5)
  6 orcs (D:5)
  7 bats
  A bat zombie (D:2)
  A giant cockroach (D:1)
  2 goblins (D:1)
  2 hobgoblins (D:2)
  4 jackals (D:3)
  4 kobolds
  A quokka (D:3)
  A ball python (D:2)
  A frilled lizard (D:2)
  A leopard gecko skeleton (D:5)
  5 rats
59 creatures vanquished.

Vanquished Creatures (others)
  28 plants (D:5)
28 creatures vanquished.

Grand Total: 87 creatures vanquished

Notes
Turn   | Place    | Note
-------+----------+-------------------------------------------
     0 | D:1      | EnegeticOcto the Gnoll Venom Mage began the quest for the
                  | Orb.
     0 | D:1      | Reached XP level 1. HP: 13/13 MP: 6/6
    89 | D:1      | Reached skill level 2 in Transmutations
    95 | D:1      | Reached XP level 2. HP: 15/19 MP: 2/7
   211 | D:2      | Learned a level 2 spell: Poisonous Vapours
   214 | D:2      | Found a burning altar of Makhleb.
   217 | D:2      | Found a sparkling altar of Nemelex Xobeh.
   220 | D:2      | Found a white marble altar of Elyvilon.
   223 | D:2      | Found a hide-covered altar of Uskayaw.
   229 | D:2      | Reached XP level 3. HP: 21/25 MP: 5/9
   253 | D:2      | Reached skill level 5 in Spellcasting
   333 | D:3      | Reached skill level 1 in Invocations
   477 | D:2      | Reached skill level 1 in Fighting
   477 | D:2      | Reached skill level 1 in Short Blades
   477 | D:2      | Reached skill level 1 in Long Blades
   477 | D:2      | Reached skill level 1 in Axes
   477 | D:2      | Reached skill level 1 in Maces & Flails
   477 | D:2      | Reached skill level 1 in Polearms
   477 | D:2      | Reached skill level 1 in Staves
   477 | D:2      | Reached skill level 1 in Slings
   477 | D:2      | Reached skill level 1 in Bows
   477 | D:2      | Reached skill level 1 in Crossbows
   477 | D:2      | Reached skill level 1 in Throwing
   477 | D:2      | Reached skill level 1 in Armour
   477 | D:2      | Reached skill level 1 in Shields
   477 | D:2      | Reached skill level 1 in Unarmed Combat
   477 | D:2      | Reached skill level 1 in Evocations
   572 | D:5      | Entered Level 5 of the Dungeon
   576 | D:5      | Got a masterwork long sword
   576 | D:5      | Identified the +5 long sword of False Hope {drain, +Rage
                  | Int+3 Dex-3 Stlth+} (You found it on level 5 of the
                  | Dungeon)
   594 | D:5      | Found a glowing silver altar of Zin.
   615 | D:5      | Noticed an ice beast
   624 | D:5      | Killed an ice beast
   625 | D:5      | Reached skill level 1 in Conjurations
   625 | D:5      | Reached skill level 1 in Hexes
   625 | D:5      | Reached skill level 1 in Summonings
   625 | D:5      | Reached skill level 1 in Necromancy
   625 | D:5      | Reached skill level 1 in Translocations
   625 | D:5      | Reached skill level 1 in Fire Magic
   625 | D:5      | Reached skill level 1 in Ice Magic
   625 | D:5      | Reached skill level 1 in Air Magic
   625 | D:5      | Reached skill level 1 in Earth Magic
   625 | D:5      | Reached XP level 4. HP: 10/32 MP: 8/11
   625 | D:5      | Reached XP level 5. HP: 12/37 MP: 8/12
   628 | D:5      | Noticed an ogre
   655 | D:5      | Noticed a centaur
   672 | D:5      | Killed an ogre
   673 | D:5      | Reached skill level 2 in Invocations
   673 | D:5      | Reached XP level 6. HP: 15/44 MP: 5/13
   701 | D:5      | Learned a level 3 spell: Mephitic Cloud
   706 | D:5      | Learned a level 4 spell: Olgreb's Toxic Radiance
   710 | D:5      | Learned a level 3 spell: Ignite Poison
   757 | D:5      | Reached skill level 2 in Fighting
   757 | D:5      | Reached skill level 2 in Short Blades
   757 | D:5      | Reached skill level 2 in Long Blades
   757 | D:5      | Reached skill level 2 in Axes
   757 | D:5      | Reached skill level 2 in Maces & Flails
   757 | D:5      | Reached skill level 2 in Polearms
   757 | D:5      | Reached skill level 2 in Staves
   757 | D:5      | Reached skill level 2 in Slings
   757 | D:5      | Reached skill level 2 in Bows
   757 | D:5      | Reached skill level 2 in Crossbows
   757 | D:5      | Reached skill level 2 in Throwing
   757 | D:5      | Reached skill level 2 in Armour
   757 | D:5      | Reached skill level 5 in Dodging
   757 | D:5      | Reached skill level 2 in Shields
   757 | D:5      | Reached skill level 2 in Unarmed Combat
   757 | D:5      | Reached skill level 2 in Evocations
   840 | D:5      | Found an opulent altar of Gozag.
   897 | D:6      | Reached XP level 7. HP: 8/50 MP: 12/15
  1031 | D:6      | Noticed a wraith
  1106 | D:7      | Reached skill level 2 in Conjurations
  1106 | D:7      | Reached skill level 2 in Hexes
  1106 | D:7      | Reached skill level 2 in Summonings
  1106 | D:7      | Reached skill level 2 in Necromancy
  1106 | D:7      | Reached skill level 2 in Translocations
  1106 | D:7      | Reached skill level 2 in Fire Magic
  1106 | D:7      | Reached skill level 2 in Ice Magic
  1106 | D:7      | Reached skill level 2 in Air Magic
  1106 | D:7      | Reached skill level 2 in Earth Magic
  1122 | D:7      | Reached skill level 5 in Stealth
  1122 | D:7      | Reached skill level 3 in Transmutations
  1124 | D:7      | Reached skill level 3 in Invocations
  1129 | D:7      | Reached skill level 6 in Poison Magic
  1129 | D:7      | Reached XP level 8. HP: 23/57 MP: 2/16
  1130 | D:7      | Shot with an arrow by a centaur

Illustrated notes

Levels and vault maps discovered:
D:1:      minmay_arrival_plants_in_alcoves, layout_loops_ring, chequers_garden
D:2:      layout_basic, lemuel_blue_sif_altar, grunt_temple_overflow_cloverleaf,
          lemuel_zombie_altar_kikubaaqudgha, serial_glass, glass_columns_a,
          glass_columns_a
D:3:      layout_loops_cross, uniq_natasha
D:4:      layout_loops_ring, minmay_temple_entry_arrows
D:5:      layout_loops_corners, pdpol_temple_overflow_zin_treasury_gozag_greed,
          portal_sewer_entry_b, serial_bayou, serial_bayou_shore_b,
          serial_bayou_ford_a, serial_bayou_pond_a, serial_bayou_lake_a
D:6:      layout_basic
D:7:      layout_cave_pools, marbit_many_paths, uniq_joseph

Skill      XL: |  1  2  3  4  5  6  7 |
---------------+----------------------+-----
Transmutations | 2 3 |  3.2
Spellcasting   | 5 |  5.8
Invocations    | 1 2 3 |  3.1
Fighting       | 1 2 |  2.8
Short Blades   | 1 2 |  2.8
Long Blades    | 1 2 |  2.8
Axes           | 1 2 |  2.8
Maces & Flails | 1 2 |  2.8
Polearms       | 1 2 |  2.8
Staves         | 1 2 |  2.8
Slings         | 1 2 |  2.8
Bows           | 1 2 |  2.8
Crossbows      | 1 2 |  2.8
Throwing       | 1 2 |  2.8
Armour         | 1 2 |  2.8
Shields        | 1 2 |  2.8
Unarmed Combat | 1 2 |  2.8
Evocations     | 1 2 |  2.8
Conjurations   | 1 2 |  2.3
Hexes          | 1 2 |  2.3
Summonings     | 1 2 |  2.3
Necromancy     | 1 2 |  2.3
Translocations | 1 2 |  2.3
Fire Magic     | 1 2 |  2.3
Ice Magic      | 1 2 |  2.3
Air Magic      | 1 2 |  2.3
Earth Magic    | 1 2 |  2.3
Dodging        | 5 |  5.4
Stealth        | 5 |  5.1
Poison Magic   | 6 |  6.0

Action                   |  1- 3 |  4- 6 |  7- 9 || total
-------------------------+-------+-------+-------++-------
Melee: Unarmed           |    21 |       |       ||    21
       Bite              |     1 |     1 |     1 ||     3
       Long sword        |     2 |    14 |     7 ||    23
 Cast: Sting             |    38 |    11 |       ||    49
       Poisonous Vapours |     1 |     5 |     8 ||    14
       Olgreb's Toxic Ra |       |     1 |     2 ||     3
       Mephitic Cloud    |       |     1 |       ||     1
 Abil: Evoke Berserk Rag |     1 |       |     1 ||     2
  Use: Scroll            |       |     2 |     8 ||    10
       Potion            |       |     1 |       ||     1
 Stab: Confused          |       |     1 |       ||     1
Armor: Robe              |    16 |     2 |       ||    18
Dodge: Dodged            |    63 |    17 |    11 ||    91
       Rpst.: Long sword |     1 |     4 |     3 ||     8
